AoeStats
← Alden

Black Forest

503269643Analyzed
2v2 RM · 1mo ago on Aug 30, 2026· 63m 50s· 4 players
Game mode
Random Map
Map size
Medium (4 player)
Population
200
Speed
Normal
Resources
Standard
Victory
Conquest
Starting age
Dark Age
Ending age
Imperial Age
RankedLock teamsTeams togetherTeam positionsShared explorationLock speedFull tech treeHidden civsTurbo modeCheats
Victory
Defeat
🇦🇺 Persians · Australia
646
+14
🇱🇻 Lithuanians · Latvia
636
+15
🇺🇸 Burgundians · United States
622
-15
🇺🇸 Teutons · United States
597
-14
Cpt. Awesome
1:26 Wheelbarrow
0:42 Loom
11:39 Double-Bit Axe
14:10 Horse Collar
18:49 Feudal Age
19:44 Bow Saw
19:33 Gold Mining
19:26 Man-at-Arms
20:32 Arson
21:25 Gold Shaft Mining
20:54 Heavy Plow
21:11 Hand Cart
20:42 Town Watch
21:03 Stone Mining
23:31 Stone Shaft Mining
24:10 Scale Mail Armor
26:55 Forging
32:22 Castle Age
30:42 Fletching
30:53 Padded Archer Armor
32:27 Scale Barding Armor
32:35 Caravan
33:04 Squires
34:25 Two-Man Saw
34:34 Coinage
34:42 Town Patrol
36:15 Guilds
35:32 Long Swordsman
37:03 Fortified Wall
36:34 Treadmill Crane
36:50 Murder Holes
37:06 Masonry
36:21 Crossbowman
37:09 Husbandry
36:30 Light Cavalry
38:01 Fervor
37:42 Cavalier
38:09 Pikeman
39:38 Chain Mail Armor
40:06 Burgundian Vineyards
41:28 Iron Casting
40:51 Bodkin Arrow
43:51 Chain Barding Armor
44:21 Ballistics
44:46 Elite Skirmisher
48:13 Imperial Age
49:03 Fervor
49:25 Conscription
49:50 Crop Rotation
48:56 Hussar
51:02 Hoardings
49:59 Two-Handed Swordsman
52:01 Chemistry
51:08 Elite Coustillier
52:59 Paladin
54:44 Plate Barding Armor
54:18 Halberdier
56:42 Blast Furnace
56:27 Champion
57:46 Plate Mail Armor
58:43 Architecture
59:39 Sappers
61:18 Flemish Revolution
Alden
1:39 Loom
15:30 Feudal Age
17:00 Wheelbarrow
16:24 Double-Bit Axe
16:33 Gold Mining
18:58 Horse Collar
19:07 Man-at-Arms
19:38 Arson
19:58 Stone Mining
20:47 Town Watch
25:40 Castle Age
23:45 Scale Mail Armor
26:07 Forging
25:48 Fletching
26:31 Bow Saw
26:25 Heavy Plow
26:06 Long Swordsman
26:09 Pikeman
26:35 Gambesons
27:32 Stone Shaft Mining
27:30 Caravan
27:43 Squires
29:35 Town Patrol
30:08 Hand Cart
33:02 Iron Casting
33:23 Fervor
37:06 Chain Mail Armor
36:47 Bodkin Arrow
36:52 Padded Archer Armor
37:21 Ironclad
37:15 Elite Skirmisher
38:46 Bloodlines
43:54 Leather Archer Armor
44:24 Ballistics
44:15 Fortified Wall
44:16 Masonry
48:58 Imperial Age
fat sandwiches
0:44 Loom
0:53 Loom
13:07 Feudal Age
17:49 Castle Age
19:51 Double-Bit Axe
21:05 Town Watch
22:15 Horse Collar
25:24 Wheelbarrow
29:36 Ballistics
29:12 Murder Holes
32:00 Imperial Age
29:32 Arson
30:48 Hand Cart
30:27 Gambesons
32:01 Kamandaran
31:40 Pikeman
32:20 Squires
35:10 Chemistry
34:15 Cavalier
34:56 Husbandry
35:08 Bloodlines
36:53 Town Patrol
37:23 Crossbowman
38:09 Thumb Ring
37:45 Light Cavalry
43:05 Savar
43:06 Hussar
52:29 Capped Ram
54:54 Halberdier
58:34 Forging
58:15 Fletching
58:26 Padded Archer Armor
58:26 Scale Mail Armor
58:32 Scale Barding Armor
58:40 Masonry
60:52 Iron Casting
60:13 Bodkin Arrow
// modba
7:35 Loom
11:36 Feudal Age
13:08 Wheelbarrow
12:20 Double-Bit Axe
12:17 Horse Collar
21:14 Castle Age
19:48 Stone Mining
19:52 Gold Mining
22:08 Bow Saw
22:00 Heavy Plow
24:57 Stone Shaft Mining
27:01 Fletching
28:30 Caravan
30:24 Fervor
31:17 Treadmill Crane
31:47 Fortified Wall
33:21 Scale Mail Armor
33:17 Bodkin Arrow
33:34 Forging
36:21 Imperial Age
38:59 Pikeman
39:40 Squires
39:02 Man-at-Arms
40:19 Iron Casting
39:45 Bracer
40:16 Chain Mail Armor
40:01 Padded Archer Armor
40:07 Scale Barding Armor
41:06 Chemistry
40:27 Ballistics
40:17 Masonry
40:36 Conscription
40:19 Tower Shields
39:40 Elite Leitis
41:55 Hoardings
40:45 Halberdier
40:47 Long Swordsman
42:44 Murder Holes
43:16 Hand Cart
42:50 Town Watch
43:39 Crop Rotation
44:12 Two-Man Saw
43:46 Two-Handed Swordsman
45:09 Town Patrol
44:32 Onager
47:35 Husbandry
47:46 Bloodlines
46:58 Light Cavalry
49:16 Winged Hussar
50:25 Chain Barding Armor
53:05 Architecture
52:03 Champion
53:21 Plate Barding Armor
53:02 Leather Archer Armor
53:17 Sanctity
54:42 Theocracy
54:11 Atonement
Connection lost

Rejoining the realm…

Still unreachable

The connection could not be restored.

Session expired

The server has moved on; the page needs a fresh start.